 Dungeon Crawl Stone Soup version 0.21.1-1-g345015f (webtiles) character file.

147 letownia2 the Conjurer (level 5, -7/28 HPs)
             Began as a Tengu Fire Elementalist on Mar 5, 2018.
             Mangled by a worm (11 damage)
             ... on level 4 of the Dungeon.
             The game lasted 00:06:56 (1232 turns).

letownia2 the Conjurer (Tengu Fire Elementalist)    Turns: 1232, Time: 00:06:56

Health: -7/28      AC:  3    Str:  9    XL:     5   Next: 29%
Magic:  2/9        EV: 12    Int: 16    God:
Gold:   30         SH:  0    Dex: 14    Spells: 3/8 levels left

rFire    . . .     SeeInvis .   f - +0 mace
rCold    . . .     Gourm    .   (no shield)
rNeg     . . .     Faith    .   j - +0 leather armour
rPois    .         Spirit   .   (helmet restricted)
rElec    .         Reflect  .   (no cloak)
rCorr    .         Harm     .   (no gloves)
MR       .....                  (boots unavailable)
Stlth    ++........             (no amulet)
HPRegen  0.09/turn              (no ring)
MPRegen  0.11/turn              (no ring)

@: no status effects
A: beak, talons 3, able to fly 1
a: Fly


You were on level 4 of the Dungeon.
You were hungry.

You visited 1 branch of the dungeon, and saw 4 of its levels.

You collected 127 gold pieces.
You spent 97 gold pieces at shops.

Inventory:

Hand Weapons
 f - a +0 mace (weapon)
Armour
 j - a +0 leather armour (worn)
Wands
 o - a wand of iceblast (9)
Scrolls
 e - 2 scrolls of immolation {unknown}
 i - 3 scrolls of remove curse {unknown}
 m - a scroll of blinking {unknown}
 p - 2 scrolls of fog {unknown}
 q - a scroll of enchant armour {unknown}
 r - a scroll of fear {unknown}
 s - a scroll of teleportation {unknown}
Potions
 a - 2 potions of invisibility {unknown}
 g - a potion of lignification
 h - a potion of cancellation
 k - a potion of curing
 n - 2 potions of degeneration
 t - a potion of haste
Books
 b - a book of Flames

   Spells                             Type                      Level
   a - Flame Tongue                   Conjuration/Fire             1
   b - Throw Flame                    Conjuration/Fire             2
   c - Conjure Flame                  Conjuration/Fire             3
   d - Inner Flame                    Hexes/Fire                   3
   e - Sticky Flame                   Conjuration/Fire             4
   f - Fireball                       Conjuration/Fire             5
 l - a book of Cantrips

   Spells                             Type                      Level
   a - Confusing Touch                Hexes                        1
   b - Animate Skeleton               Necromancy                   1
   c - Summon Small Mammal            Summoning                    1
   d - Apportation                    Translocation                1
Comestibles
 c - 6 rations
 d - 6 chunks of flesh


   Skills:
 - Level 2.1 Dodging
 - Level 2.0 Stealth
 - Level 2.0 Spellcasting
 + Level 6.6 Conjurations
 - Level 3.2 Fire Magic


You had 3 spell levels left.
You knew the following spells:

 Your Spells              Type           Power        Failure   Level  Hunger
a - Flame Tongue          Conj/Fire      ###..        3%          1    #......
c - Conjure Flame         Conj/Fire      ###.....     12%         3    ###....
k - Animate Skeleton      Necr           N/A          28%         1    #......


Dungeon Overview and Level Annotations

Branches:
Dungeon (4/15)
 Temple: D:4-7

Altars:
Ashenzari

Shops:
D:4 *

Annotations:
D:3 Quirk's ghost, amateur GnFi
D:4 letownia2's ghost, novice TeFE


Innate Abilities, Weirdness & Mutations

You have a beak for a mouth.
You have claws for feet.
You can fly.


Message History

The hound is almost dead.
The hound bites you. The worm bites you! The hound bites you.
* * * LOW HITPOINT WARNING * * *
Casting: Flame Tongue
Confirm with . or Enter, or press ? or * to list all spells.
Aiming: Flame Tongue
Press: ? - help, Shift-Dir - straight line, f/p - hound
Aim: a hound (almost dead)
The flame tongue misses the hound.
The leopard gecko closely misses you. The hound bites you.
* * * LOW HITPOINT WARNING * * *
Casting: Flame Tongue
Confirm with . or Enter, or press ? or * to list all spells.
Aiming: Flame Tongue
Press: ? - help, Shift-Dir - straight line, f/p - hound
Aim: a hound (almost dead)
The flame tongue hits the hound.
You kill the hound!
The leopard gecko barely misses you. The worm bites you!
You die...

# # ################# #
#......@w.....$.# #
#..#....l#.####.########
#....♣♣..#.# .......
#... ....#l#############
#.. ....##..............
#.......................
# .......#.#####..######
.........# #..# #
.......# #..# #


You could see a worm and a leopard gecko.

Vanquished Creatures
  A hound (D:4)
  A worker ant (D:4)
  A hound skeleton (D:4)
  4 adders
  An ooze (D:4)
  4 worms
  An orc (D:3)
  4 goblins
  3 hobgoblins
  4 jackals (D:3)
  2 kobolds
  4 bats
  A frilled lizard (D:3)
  A leopard gecko zombie (D:4)
  2 rats (D:3)
34 creatures vanquished.

Notes
Turn   | Place    | Note
-------+----------+-------------------------------------------
     0 | D:1      | letownia2 the Tengu Fire Elementalist began the quest for the Orb.
     0 | D:1      | Reached XP level 1. HP: 10/10 MP: 4/4
    67 | D:1      | Reached skill level 2 in Conjurations
   102 | D:2      | Reached skill level 3 in Conjurations
   102 | D:2      | Reached XP level 2. HP: 7/15 MP: 0/6
   321 | D:3      | Noticed Quirk's ghost (amateur GnFi)
   329 | D:3      | Reached XP level 3. HP: 17/19 MP: 2/7
   334 | D:3      | Learned a level 3 spell: Conjure Flame
   358 | D:3      | Reached skill level 4 in Conjurations
   492 | D:3      | Found a shattered altar of Ashenzari.
   589 | D:4      | Found Bizu's Assorted Antiques.
   623 | D:3      | Learned a level 1 spell: Animate Skeleton
   860 | D:2      | Reached skill level 5 in Conjurations
   860 | D:2      | Reached XP level 4. HP: 11/24 MP: 0/8
  1053 | D:4      | Noticed letownia2's ghost (novice TeFE)
  1099 | D:4      | Bought a scroll labeled MECEMU CYB OPT for 25 gold pieces
  1099 | D:4      | Bought a scroll labeled MUR YFIUNEUH for 25 gold pieces
  1099 | D:4      | Bought a scroll labeled ITENTE XIADIDU for 25 gold pieces
  1099 | D:4      | Bought a lumpy inky potion for 22 gold pieces
  1186 | D:4      | Reached skill level 6 in Conjurations
  1215 | D:4      | Gained mutation: You can fly. [Tengu growth]
  1215 | D:4      | Reached XP level 5. HP: 28/28 MP: 6/9
  1232 | D:4      | Mangled by a worm

Skill      XL: |  1  2  3  4 |
---------------+-------------+-----
Conjurations   | 3 5 6 |  6.6
Dodging        | |  2.1
Stealth        | |  2.0
Spellcasting   | |  2.0
Fire Magic     | |  3.2

Action                   |  1- 3 |  4- 6 || total
-------------------------+-------+-------++-------
Melee: Mace              |    17 |     1 ||    18
       Kick              |     1 |       ||     1
       Peck              |     2 |     1 ||     3
 Cast: Flame Tongue      |    61 |    26 ||    87
       Conjure Flame     |       |     1 ||     1
  Use: Potion            |     2 |       ||     2
       Scroll            |       |     4 ||     4
 Stab: Sleeping          |     1 |       ||     1
  Eat: Chunk             |     1 |     1 ||     2
Armor: Robe              |     4 |       ||     4
       Leather armour    |    32 |     2 ||    34
Dodge: Dodged            |    71 |     8 ||    79
